 Dungeon Crawl Stone Soup version 0.19-a0-1013-g40768a3 (webtiles) character file.

140 Ijustatesigmund the Skirmisher (level 5, 0/63 HPs)
             Began as a Demonspawn Fighter on July 24, 2016.
             Slain by a rat (1 damage)
             ... in a sewer.
             The game lasted 00:05:33 (1838 turns).

Ijustatesigmund the Skirmisher (Demonspawn Fighter) Turns: 1838, Time: 00:05:34

Health: 0/63       AC:  7    Str: 22    XL:     5   Next: 2%
Magic:  5/5        EV:  5    Int:  9    God:
Gold:   89         SH:  9    Dex: 13    Spells: 0 memorised, 4 levels left

rFire  . . .     SeeInvis .     a - +0 flail
rCold  . . .     Gourm    .     b - +0 scale mail
rNeg   . . .     Faith    .     c - +0 shield
rPois  .         Spirit   .     s - +0 helmet
rElec  .         Dismiss  .     (no cloak)
rCorr  .         Reflect  .     (no gloves)
SustAt .         Harm     .     (no boots)
MR     .....                    (no amulet)
Stlth  ..........               (no ring)
                                (no ring)

@: berserking, very slightly contaminated, constricted, very quick, not
resistant to hostile enchantments, extremely unstealthy
A: nightstalker 1, powered by pain 1
a: no special abilities


You were in a sewer.
You were hungry.

You visited 1 branch of the dungeon, and saw 3 of its levels.
You also visited: Sewer.

You collected 89 gold pieces.

Inventory:

Hand Weapons
 a - a +0 flail (weapon)
Armour
 b - a +0 scale mail (worn)
 c - a +0 shield (worn)
 s - a +0 helmet (worn)
Scrolls
 e - a scroll of remove curse
 h - a scroll of amnesia
 i - a scroll of identify
Potions
 j - a potion of resistance
 n - a potion of flight
 q - 2 potions of agility {unknown}
 r - a potion of curing {unknown}
Comestibles
 f - 2 bread rations
 k - a beef jerky


   Skills:
 + Level 4.0 Fighting
 + Level 3.1 Maces & Flails
 - Level 2.6 Armour
 + Level 2.2 Dodging
 - Level 2.6 Shields


You had 4 spell levels left.
You didn't know any spells.

Dungeon Overview and Level Annotations

Branches:
Dungeon (3/15)

Altars:
Ru


Innate Abilities, Weirdness & Mutations

You are slightly more attuned to the shadows.
You sometimes gain a little power by taking damage.


Message History

You closely miss the ball python. The rat bites you but does no damage.
The ooze barely misses you.
The ball python bites you but does no damage.
The ball python constricts you. You block the river rat's attack.
You block the rat's attack. The rat bites you but does no damage.
The rat bites you.
* * * LOW HITPOINT WARNING * * *
The ooze hits you.
* * * LOW HITPOINT WARNING * * *
You closely miss the ball python. You block the ball python's attack.
The ball python constricts you. The river rat bites you!
* * * LOW HITPOINT WARNING * * *
You block the rat's attack. The rat bites you but does no damage.
The ball python bites you.
* * * LOW HITPOINT WARNING * * *
The ball python constricts you. The ooze hits you.
* * * LOW HITPOINT WARNING * * *
Your shield prevents you from hitting the ball python.
You block the river rat's attack. The rat barely misses you. The rat bites you.
You die...

.... ...
.............
...........≈≈≈
........≈≈≈≈≈≈
.....≈≈≈≈≈≈≈≈≈
≈≈≈≈≈≈≈≈≈≈≈≈≈≈
≈≈≈≈≈≈≈≈≈≈≈≈≈≈
....rrrr≈≈≈≈≈≈
...rrS@JJ...≈≈
...rr##r.....#
.... ##......
... ...... ..
...... #
###... #.


You could see 2 oozes, 2 river rats, a ball python and 7 rats.

Vanquished Creatures
  An orc priest (D:3)
  3 adders
  2 river rats (D:3)
  A dart slug (D:1)
  3 giant geckos
  4 orcs (D:3)
  2 ball pythons
  5 bats
  5 giant cockroaches
  5 goblins
  6 hobgoblins
  6 kobolds
  2 giant newts
  10 rats
55 creatures vanquished.

Notes
Turn   | Place    | Note
-------+----------+-------------------------------------------
     0 | D:1      | Ijustatesigmund the Demonspawn Fighter began the quest for the Orb.
     0 | D:1      | Reached XP level 1. HP: 18/18 MP: 1/1
   153 | D:1      | Reached skill level 1 in Dodging
   153 | D:1      | Gained mutation: You are slightly more attuned to the shadows. [demonic ancestry]
   153 | D:1      | Reached XP level 2. HP: 21/24 MP: 2/2
   392 | D:1      | Reached XP level 3. HP: 21/29 MP: 3/3
   854 | D:2      | Found a sacrificial altar of Ru.
  1193 | D:3      | Reached XP level 4. HP: 29/37 MP: 4/4
  1530 | D:3      | Reached skill level 4 in Fighting
  1568 | D:3      | Gained mutation: You sometimes gain a little power by taking damage. [demonic ancestry]
  1568 | D:3      | Reached XP level 5. HP: 6/42 MP: 5/5
  1574 | D:3      | Found a glowing drain.
  1584 | Sewer    | Entered a sewer
  1837 | Sewer    | HP: 2/63 [ball python (2)]
  1838 | Sewer    | Slain by a rat

Vault maps used:
D:1:      scummos_arrival_simple_fountains, hangedman_decor_clover_reticule,
          hangedman_abyss_or_decor_lesser_grid, due_unseen_surprise
D:2:      lemuel_round_altar
D:3:      portal_sewer_entry_e
Sewer:    sewer_minmay_treatment

Skill      XL: |  1  2  3  4 |
---------------+-------------+-----
Maces & Flails | 2 3 |  3.1
Dodging        | 1 2 |  2.2
Fighting       | 4 |  4.0
Armour         | |  2.6
Shields        | |  2.6

Action                   |  1- 3 |  4- 6 || total
-------------------------+-------+-------++-------
Melee: Flail             |   153 |    80 ||   233
  Use: Potion            |     1 |     2 ||     3
       Scroll            |       |     8 ||     8
  Eat: Chunk             |     1 |     2 ||     3
Armor: Scale mail        |    83 |    34 ||   117
Dodge: Dodged            |    54 |    36 ||    90
Block: Shield            |    84 |    54 ||   138
